 Dungeon Crawl Stone Soup version 0.19.5 (webtiles) character file.

366 GordonOverkill the Magician (level 6, -3/39 HPs)
             Began as a High Elf Fire Elementalist on Oct 15, 2017.
             Was an Initiate of Vehumet.
             Slain by an orc
             ... wielding a +2 short sword of protection
              (5 damage)
             ... on level 4 of the Dungeon.
             The game lasted 00:08:02 (4664 turns).

GordonOverkill the Magician (HEFE)                  Turns: 4664, Time: 00:08:02

Health: -3/39      AC:  3    Str:  7    XL:     6   Next: 40%
Magic:  0/13       EV: 13    Int: 21    God:    Vehumet [......]
Gold:   116        SH:  0    Dex: 16    Spells: 3 memorised, 6 levels left

rFire  . . .     SeeInvis .     i - +0 dagger (protect)
rCold  . . .     Gourm    .     a - +0 robe
rNeg   . . .     Faith    .     (no shield)
rPois  .         Spirit   .     (no helmet)
rElec  .         Reflect  .     m - +0 cloak
rCorr  .         Harm     .     (no gloves)
MR     .....                    (no boots)
Stlth  ++........               l - amulet of regeneration
                                (no ring)
                                (no ring)

@: very slightly contaminated
A: no striking features
a: Renounce Religion


You were on level 4 of the Dungeon.
You worshipped Vehumet.
Vehumet was noncommittal.
You were not hungry.

You visited 2 branches of the dungeon, and saw 5 of its levels.

You collected 116 gold pieces.

Inventory:

Hand Weapons
 e - a +0 spear
 i - a +0 dagger of protection (weapon)
Armour
 a - a +0 robe (worn)
 m - a +0 cloak (worn)
Jewellery
 l - an amulet of regeneration (around neck)
 u - an uncursed amulet of guardian spirit {unknown}
Scrolls
 k - 2 scrolls of remove curse
Potions
 g - a potion of agility {unknown}
 h - a potion of cure mutation {unknown}
 n - a potion of haste
 o - a potion of flight {unknown}
 p - a potion of cancellation {unknown}
 r - a potion of magic {unknown}
 s - a potion of lignification {unknown}
 t - a potion of experience {unknown}
 v - 2 potions of curing {unknown}
Books
 b - a book of Flames

   Spells                             Type                      Level
   a - Flame Tongue                   Conjuration/Fire             1
   b - Throw Flame                    Conjuration/Fire             2
   c - Conjure Flame                  Conjuration/Fire             3
   d - Inner Flame                    Hexes/Fire                   3
   e - Sticky Flame                   Conjuration/Fire             4
   f - Fireball                       Conjuration/Fire             5
Comestibles
 c - 3 bread rations
 f - 2 royal jellies
 j - 2 meat rations
 q - 2 beef jerkies
 w - 6 chunks of flesh


   Skills:
 + Level 1.7 Fighting
 - Level 2.1 Dodging
 - Level 2.1 Stealth
 + Level 4.6 Spellcasting
 + Level 4.4 Conjurations
 + Level 4.3 Fire Magic


You had 6 spell levels left.
You knew the following spells:

 Your Spells              Type           Power        Failure   Level  Hunger
a - Flame Tongue          Conj/Fire      ###..        1%          1    None
b - Conjure Flame         Conj/Fire      ###.....     6%          3    ##.....
c - Sticky Flame          Conj/Fire      ###.....     21%         4    ####...


Dungeon Overview and Level Annotations

Branches:
Dungeon (4/15)             Temple (1/1) D:4

Altars:
Ashenzari
Cheibriados
Dithmenos
Elyvilon
Fedhas
Gozag
Hepliaklqana
Kikubaaqudgha
Makhleb
Nemelex Xobeh
Okawaru
Qazlal
Ru
Sif Muna
Trog
Uskayaw
Vehumet
Xom
Yredelemnul
Zin
The Shining One


Message History

* * * LOW HITPOINT WARNING * * *
Casting: Flame Tongue
Confirm with . or Enter, or press ? or * to list all spells.
Aiming: Flame Tongue
Press: ? - help, Shift-Dir - straight line, f/p - orc wizard
Aim: an orc wizard, wielding a dagger and wearing a robe (almost dead)
The flame tongue misses the orc wizard.
The orc hits you but does no damage.
The orc hits you with a short sword of protection.
* * * LOW HITPOINT WARNING * * *
Casting: Flame Tongue
Confirm with . or Enter, or press ? or * to list all spells.
Aiming: Flame Tongue
Press: ? - help, Shift-Dir - straight line, f/p - orc wizard
Aim: an orc wizard, wielding a dagger and wearing a robe (almost dead)
The flame tongue hits the orc wizard.
You kill the orc wizard!
Vehumet accepts your kill. The orc closely misses you.
The orc hits you with a short sword of protection.
You die...

..... .. ....# #. #...
.. #..# #. #########
##..# #
###.##...>...###..# ##
###.....)........#..# #.
#.....oo............###.
#.)@)...)........##.
##.............#..#.
#.............##...
##............###..
####.......### ###
######### #


You could see 2 orcs.

Vanquished Creatures
  An ogre (D:4)
  A hound (D:4)
  A bullfrog skeleton (D:4)
  2 orc wizards
  3 gnolls (D:4)
  2 adders
  3 worms
  2 dart slugs
  2 leopard geckos (D:3)
  5 orcs
  2 ball pythons (D:3)
  6 bats
  4 giant cockroaches
  10 goblins
  10 hobgoblins
  9 jackals
  3 quokkas
  3 frilled lizards
  13 kobolds
  10 rats
92 creatures vanquished.

Notes
Turn   | Place    | Note
-------+----------+-------------------------------------------
     0 | D:1      | GordonOverkill the High Elf Fire Elementalist began the quest for the Orb.
     0 | D:1      | Reached XP level 1. HP: 11/11 MP: 4/4
   292 | D:1      | Reached XP level 2. HP: 17/17 MP: 3/6
  1483 | D:2      | Reached XP level 3. HP: 13/21 MP: 4/8
  1737 | D:2      | You fall through a shaft!
  2686 | D:2      | Learned a level 3 spell: Conjure Flame
  2997 | D:2      | Reached XP level 4. HP: 23/27 MP: 5/9
  4097 | D:3      | Reached XP level 5. HP: 31/31 MP: 7/11
  4211 | D:3      | Learned a level 4 spell: Sticky Flame
  4469 | D:4      | Reached skill level 1 in Fighting
  4479 | D:4      | Found a staircase to the Ecumenical Temple.
  4501 | Temple   | Entered the Ecumenical Temple
  4540 | Temple   | Became a worshipper of Vehumet
  4633 | D:4      | Noticed an ogre
  4641 | D:4      | Killed an ogre
  4641 | D:4      | Reached XP level 6. HP: 18/38 MP: 7/13
  4663 | D:4      | HP: 1/38 [orc/short sword of protection (6)]
  4664 | D:4      | Slain by an orc

Skill      XL: |  1  2  3  4  5 |
---------------+----------------+-----
Conjurations   | 2 3 4 |  4.4
Spellcasting   | 3 4 |  4.6
Fighting       | 1 |  1.7
Fire Magic     | 4 |  4.3
Dodging        | |  2.1
Stealth        | |  2.1

Action                   |  1- 3 |  4- 6 || total
-------------------------+-------+-------++-------
Melee: Spear             |    12 |       ||    12
       Dagger            |    45 |    48 ||    93
 Cast: Flame Tongue      |    94 |   100 ||   194
       Sticky Flame      |       |     1 ||     1
  Use: Scroll            |     3 |     3 ||     6
  Eat: Chunk             |     6 |     6 ||    12
Armor: Robe              |    32 |    11 ||    43
Dodge: Dodged            |    97 |    38 ||   135
